 Dungeon Crawl Stone Soup version 0.28.0-43-g3370ac3207 (webtiles) character file.

Game seed: 5615459654274133671

119 CryoSword the Magician (level 4, -2/35 HPs)
             Began as a Demigod Hedge Wizard on Mar 24, 2022.
             Killed from afar by Natasha (8 damage)
             ... with a puff of flame
             ... on level 2 of the Dungeon.
             The game lasted 00:04:36 (2455 turns).

CryoSword the Magician (Demigod Hedge Wizard)       Turns: 2455, Time: 00:04:37

Health: -2/35      AC:  2    Str: 11    XL:     4   Next: 47%
Magic:  2/10       EV: 12    Int: 20    God:
Gold:   134        SH:  0    Dex: 13    Spells: 3/8 levels left

rFire   . . .      SeeInvis .   j - staff of conjuration
rCold   . . .      Faith    .   (no shield)
rNeg    . . .      Spirit   .   b - +0 robe
rPois   .          Reflect  .   c - +0 hat
rElec   .          Harm     .   (no cloak)
rCorr   .          Rampage  .   (no gloves)
Will    .....                   (no boots)
Stlth   ++........              (no amulet)
HPRegen 0.11/turn               (no ring)
MPRegen 0.12/turn               (no ring)

@: mighty
A: high MP 1, forlorn, divine attributes
a: no special abilities


You were on level 2 of the Dungeon.
You visited 1 branch of the dungeon, and saw 2 of its levels.

You collected 134 gold pieces.

Inventory:

Hand Weapons
 d - a +0 short sword
   (You took it off a kobold on level 1 of the Dungeon)
Missiles
 e - 2 poisoned darts
Armour
 b - a +0 robe (worn)
 c - a +0 hat (worn)
Magical Staves
 j - a staff of conjuration (weapon)
   (You found it on level 2 of the Dungeon)
Jewellery
 h - a ring of flight
   (You found it on level 2 of the Dungeon)
Scrolls
 a - a scroll of teleportation {unknown}
 g - a scroll of fog {unknown}
 k - 2 scrolls of enchant armour {unknown}
 l - a scroll of fear {unknown}
Potions
 f - a potion of invisibility {unknown}
 i - a potion of might


   Skills:
 + Level 1.6 Fighting
 - Level 1.7 Dodging
 + Level 2.6 Stealth
 - Level 2.6 Spellcasting
 * Level 2.6 Conjurations
 + Level 1.9 Summonings
 - Level 0.8 Translocations


You had 3 spell levels left.
You knew the following spells:

 Your Spells              Type           Power      Damage    Failure   Level
a - Magic Dart            Conj           76%        1d6       4%          1
b - Call Imp              Summ           10%        N/A       10%         2
B - Blink                 Tloc           12%        N/A       16%         2

Your spell library contained the following spells:

 Spells                   Type           Power      Damage    Failure   Level
 Slow                     Hex            8%         N/A       14%         1
 Conjure Flame            Conj/Fire      11%        6-21      26%         3
 Mephitic Cloud           Conj/Pois/Air  9%         N/A       30%         3


Dungeon Overview and Level Annotations

Branches:
Dungeon (2/15)

Annotations:
D:2 Natasha


Innate Abilities, Weirdness & Mutations

You have an increased reservoir of magic. (+10% MP)
You shall have no god before yourself.
Your divine heritage dramatically boosts your attributes as you level up.


Message History

Aim: an adder (heavily wounded, ally target, 100% to hit)
The magic dart hits the adder.
The adder bites you.
You are poisoned.
The adder poisons you! The adder bites you.
Your white imp gestures at the adder.
The puff of frost misses the adder.
Aim: an adder (severely wounded, ally target, 100% to hit)
The magic dart hits the adder.
You feel sick. The adder barely misses you.
Your white imp gestures at the adder.
The puff of frost hits the adder!
The adder dies!
You feel sick.
You feel sick.
You see here a staff of conjuration.
j - a staff of conjuration You feel sick.
You are no longer poisoned.
j - a staff of conjuration (weapon)
You start resting.
Your white imp disappears in a puff of smoke!
You start resting.
A rat comes into view.
A rat is nearby!
A rat is nearby!
Aim: a rat (100% to hit)
You feel a surge of power!
The magic dart hits the rat.
You kill the rat!
Found a stone staircase leading down.
Found a robe.
k - a scroll labelled AXZUPR OHAREG
Found a stone staircase leading down.
Found a spear.
A goblin comes into view. It is wielding a +0 dagger.
A goblin is nearby!
A goblin is nearby!
Aim: a goblin, wielding a +0 dagger (asleep, 100% to hit)
You feel a surge of power!
The magic dart hits the goblin.
A goblin is nearby!
A goblin is nearby!
Aim: a goblin, wielding a +0 dagger (severely wounded, 100% to hit)
You feel a surge of power!
The magic dart hits the goblin.
You kill the goblin!
You have reached level 4!
Things that are here:
a +0 dagger; a goblin corpse
Found a ring mail.
A goblin comes into view. It is wielding a +0 club.
A goblin is nearby!
Aim: a goblin, wielding a +0 club (100% to hit)
You feel a surge of power!
The magic dart hits the goblin.
A goblin is nearby!
A goblin is nearby!
Aim: a goblin, wielding a +0 club (moderately wounded, 100% to hit)
You feel a surge of power!
The magic dart hits the goblin.
You kill the goblin!
Things that are here:
a +0 club; a goblin corpse You now have 134 gold pieces (gained 15).
An adder comes into view.
An adder is nearby!
An adder is nearby!
Aim: an adder (asleep, 100% to hit)
You feel a surge of power!
The magic dart hits the adder.
The adder hisses angrily.
Aim: an adder (heavily wounded, 100% to hit)
You feel a surge of power!
The magic dart hits the adder.
Aim: an adder (severely wounded, 100% to hit)
You feel a surge of power!
The magic dart hits the adder.
You kill the adder!
l - a scroll labelled LYITOP TIKOROE You see here a +0 ring mail.
k - 2 scrolls labelled AXZUPR OHAREG (gained 1)
Things that are here:
a +0 club; a goblin corpse Natasha, Servant of Life and Death comes into view.
She is carrying a wand of flame (20).
A beastly little devil appears in a puff of frigid air.
Natasha drinks a potion.
Natasha's spells are empowered!
Aim: Natasha, carrying a wand of flame (20) (spells empowered, ally target, 100% to hit)
You feel a surge of power!
The magic dart hits Natasha.
Your white imp misses Natasha.
Aim: Natasha, carrying a wand of flame (20) (lightly wounded, spells empowered, ally target, 100% to hit)
You feel a surge of power!
The magic dart hits Natasha.
Natasha stares at you and mumbles some strange words.
The magic dart hits you.
Your white imp hits Natasha but does no damage.
Aim: Natasha, carrying a wand of flame (20) (moderately wounded, spells empowered, ally target, 100% to hit)
You feel a surge of power!
The magic dart hits Natasha.
Your white imp barely misses Natasha.
Aim: Natasha, carrying a wand of flame (20) (severely wounded, spells empowered, ally target, 100% to hit)
You feel a surge of power!
The magic dart hits Natasha.
Natasha claws you.
Your white imp hits Natasha.
Your white imp freezes Natasha.
Natasha dies!
Natasha screams in pain as she dies!
Your white imp disappears in a puff of smoke!
Done exploring.
Done exploring.
Done exploring.
Done exploring.
Level map cleared.
You see here a +0 ring mail.
There is a stone staircase leading up here.
Things that are here:
a +0 dagger; a goblin skeleton You see here a +0 robe.
Key pressed, stopping explore.
Natasha, Servant of Life and Death comes into view.
She is carrying a wand of flame (20).
Natasha moves out of view.
Aim: Natasha, carrying a wand of flame (20) (wandering, hasn't noticed you, 100% to hit)
You feel a surge of power!
The magic dart hits Natasha but does no damage.
Natasha hisses angrily.
Aim: Natasha, carrying a wand of flame (20) (100% to hit)
You feel a surge of power!
The magic dart hits Natasha.
Natasha casts a spell at you. The magic dart hits you.
Natasha casts a spell at you. The magic dart hits you.
A beastly little devil appears in a puff of frigid air.
Aim: Natasha, carrying a wand of flame (20) (heavily wounded, ally target, 100% to hit)
You feel a surge of power!
The magic dart hits Natasha.
Natasha claws your white imp.
Your white imp hits Natasha but does no damage.
Natasha claws your white imp.
Your white imp dies!
Your white imp disappears in a puff of smoke!
Aim: Natasha, carrying a wand of flame (20) (heavily wounded, 100% to hit)
You feel a surge of power!
The magic dart hits Natasha.
The gnoll shouts!
Aim: Natasha, carrying a wand of flame (20) (purple smoke, heavily wounded, 100% to hit)
You feel a surge of power!
The magic dart hits Natasha.
Natasha barely misses you.
Aim: Natasha, carrying a wand of flame (20) (heavily wounded, 100% to hit)
You feel a surge of power!
The magic dart hits Natasha.
Natasha drinks a potion.
Natasha is healed!
Aim: Natasha, carrying a wand of flame (20) (heavily wounded, 100% to hit)
You feel a surge of power!
The magic dart hits Natasha.
Natasha zaps a wand.
The puff of flame hits you!
* * * LOW HITPOINT WARNING * * *
Natasha zaps a wand.
The puff of flame hits you!
* * * LOW HITPOINT WARNING * * *
It was a potion of might.
You feel very mighty all of a sudden.
You closely miss Natasha.
Natasha zaps a wand.
The puff of flame hits you!
You die...

#.#.######.##.#..#...,.,,,,,,,
####.#.....##.#...........,,,,,,,
.................#####,...,,,,,,,
.###.#######..##.# **....,,,,,,,
......##.....###.# **....#*,,,**,
..............##.###......,,,****
........[........g...#,,,*,,,* *
...............#h#####,,,*,,,****
...............#@### **,,,,,,,,,,
..........>........####***,,,,,,,
................#.....## ******,,
................###.#..###*** **,
..............#.##.........,****,
#.....##.....##.##.........,,,***
.#.)#####.......##.........,*,,,*
.).........................,***,,
###.##...#########.........,* ***


You could see Natasha and a gnoll.

Vanquished Creatures
  A gnoll (D:2)
  2 adders (D:2)
  A dart slug (D:2)
  4 bats (D:1)
  2 endoplasms (D:1)
  2 giant cockroaches (D:2)
  3 goblins
  A hobgoblin (D:1)
  2 jackals (D:1)
  A quokka (D:1)
  4 ball pythons
  4 frilled lizards (D:1)
  A kobold (D:1)
  4 rats
32 creatures vanquished.

Vanquished Creatures (collateral kills)
  Natasha (twice) (D:2)
  An adder (D:2)
3 creatures vanquished.

Grand Total: 35 creatures vanquished

Notes
Turn   | Place    | Note
-------+----------+-------------------------------------------
     0 | D:1      | CryoSword the Demigod Hedge Wizard began the quest for the
                  | Orb.
     0 | D:1      | Reached XP level 1. HP: 14/14 MP: 6/6
    19 | D:1      | Reached skill level 1 in Conjurations
    51 | D:1      | You fall into a shaft and drop 1 floor!
    82 | D:1      | Reached skill level 1 in Summonings
   471 | D:1      | Reached XP level 2. HP: 22/22 MP: 4/8
  1339 | D:2      | Reached skill level 1 in Fighting
  1367 | D:2      | Reached XP level 3. HP: 28/28 MP: 4/9
  1496 | D:2      | Learned a level 2 spell: Call Imp
  1499 | D:2      | Learned a level 2 spell: Blink
  1541 | D:2      | Noticed Natasha
  1548 | D:2      | Killed Natasha
  2076 | D:2      | Reached XP level 4. HP: 35/35 MP: 7/10
  2238 | D:2      | Noticed Natasha
  2243 | D:2      | Killed Natasha
  2439 | D:2      | Noticed Natasha
  2455 | D:2      | Killed from afar by Natasha

Illustrated notes

Levels and vault maps discovered:
D:1:      psy_arrival_dodecagon, layout_basic,
          dreamdust_ecumenical_altar_hidden_monk_grotto, hex_large
D:2:      layout_rooms, hangedman_decor_growths, uniq_natasha

Skill      XL: |  1  2  3 |
---------------+----------+-----
Conjurations   | 1 2 |  2.6
Summonings     | 1 |  1.9
Stealth        | 2 |  2.6
Fighting       | 1 |  1.6
Dodging        | |  1.7
Spellcasting   | |  2.6
Translocations | |  0.8

Action                   |  1- 3 |  4- 6 || total
-------------------------+-------+-------++-------
Melee: Dagger            |     6 |       ||     6
       Short sword       |    22 |       ||    22
       Punch             |     1 |       ||     1
       Staff             |       |     1 ||     1
 Cast: Magic Dart        |    72 |    16 ||    88
       Call Imp          |     3 |     2 ||     5
       Blink             |     1 |       ||     1
  Use: Potion            |       |     1 ||     1
Armor: Robe              |     8 |       ||     8
Dodge: Dodged            |    40 |     1 ||    41
